[Event "ICC Open 2015"]
[Site "Internet Chess Club"]
[Date "2015.05.29"]
[Round "9"]
[White "yummy2"]
[Black "MasterZachary"]
[Result "1-0"]
[ICCResult "Black checkmated"]
[WhiteElo "2672"]
[BlackElo "2237"]
[Opening "Ruy Lopez: modern Steinitz defense"]
[ECO "C74"]
[NIC "RL.11"]
[Time "21:05:21"]
[TimeControl "180+0"]

1. e4 e5 2. Nf3 Nc6 3. Bb5 a6 4. Ba4 d6 5. c3 Nf6 6. d4 b5 7. Bb3 Be7 8. O-O
O-O 9. h3 Bb7 10. Re1 h6 11. Nbd2 exd4 12. cxd4 Nb4 13. Re3 c5 14. a3 Nc6
15. d5 Ne5 16. Nxe5 dxe5 17. Nf1 c4 18. Bc2 Bc5 19. Re1 Qb6 20. Qf3 Ne8 21.
Be3 Bd4 22. Rad1 Nc7 23. Ng3 Bxe3 24. Rxe3 g6 25. h4 a5 26. h5 b4 27. d6 Ne6
28. Qf6 Nf4 29. Qxe5 g5 30. Nf5 f6 31. Qe7 Rf7 32. Nxh6+ Kg7 33. Nxf7 Nxh5
34. Nxg5+ Kg6 35. Ne6 Bc6 36. e5+ f5 37. Nd4 Be4 38. Rxe4 Rh8 39. Rg4+ Kh6
40. Nxf5# {Black checkmated} 1-0

[Event "ICC Open 2015"]
[Site "Internet Chess Club"]
[Date "2015.05.29"]
[Round "9"]
[White "Rotchopf"]
[Black "nurmi"]
[Result "0-1"]
[ICCResult "White checkmated"]
[WhiteElo "1893"]
[BlackElo "2234"]
[Opening "King's pawn opening"]
[ECO "B07"]
[NIC "VO.17"]
[Time "21:05:28"]
[TimeControl "180+0"]

1. e4 d6 2. Nf3 Nf6 3. Bd3 c5 4. c3 g6 5. O-O Bg7 6. Re1 O-O 7. Bc2 Nc6 8.
d3 Bg4 9. Nbd2 b5 10. h3 Bd7 11. Nf1 b4 12. Bg5 Ne8 13. Qd2 bxc3 14. bxc3
Qa5 15. e5 dxe5 16. Bh6 Rd8 17. Bxg7 Nxg7 18. Nxe5 Nxe5 19. Rxe5 Bf5 20. d4
f6 21. Rxc5 Qxc5 22. dxc5 Rxd2 23. Bxf5 Rd5 24. Bc2 Rxc5 25. Bb3+ Kh8 26. c4
Rd8 27. Re1 e5 28. Ne3 Ne6 29. Nd5 Kg7 30. g4 Nd4 31. Re3 a5 32. Nb6 Rc6 33.
Na4 Rb8 34. Kg2 Rb4 35. Rc3 Ne2 36. Rc2 Nf4+ 37. Kg3 Ne6 38. c5 Nd4 39. Rc3
Ne2+ 40. Kf3 Nxc3 41. Nxc3 Rxc5 42. Ne4 Rc1 43. Nd2 a4 44. Bd5 Rc3+ 45. Ke2
Rb2 46. Kd1 Rd3 47. Kc1 Rdxd2 48. Be4 Rxa2 49. Kb1 Rxf2 50. h4 a3 51. h5
Rab2+ 52. Ka1 Rf1+ 53. Bb1 Rfxb1# {White checkmated} 0-1

[Event "ICC Open 2015"]
[Site "Internet Chess Club"]
[Date "2015.05.29"]
[Round "9"]
[White "fearlessone"]
[Black "Chessbomb"]
[Result "0-1"]
[ICCResult "White checkmated"]
[WhiteElo "1673"]
[BlackElo "1814"]
[Opening "Van't Kruijs opening"]
[ECO "A00"]
[Time "21:05:38"]
[TimeControl "180+0"]

1. e3 Nf6 2. Ne2 g6 3. d3 Bg7 4. Nd2 O-O 5. g3 d6 6. Bg2 e5 7. O-O Nc6 8. a3
Be6 9. Rb1 Qd7 10. b3 Bh3 11. Bb2 Bxg2 12. Kxg2 h5 13. Ng1 h4 14. h3 hxg3
15. fxg3 Nh5 16. Qf3 f5 17. Nc4 Nf6 18. Rbe1 Rae8 19. a4 d5 20. Na3 e4 21.
Qe2 a6 22. dxe4 fxe4 23. Rd1 Qd6 24. Nc4 Qe6 25. Nd2 Nh5 26. Bxg7 Kxg7 27.
Rxf8 Rxf8 28. Rf1 Qe5 29. Rxf8 Qxg3+ 30. Kf1 Kxf8 31. Qf2+ Qxf2+ 32. Kxf2
Ne5 33. Ne2 c6 34. Ng3 Nf6 35. Ne2 Kg7 36. Nd4 Kf7 37. Kg3 g5 38. Nf5 Nh5+
39. Kg2 Ke6 40. Nd4+ Kd6 41. Nf1 g4 42. hxg4 Nxg4 43. Kh3 Nhf6 44. Kh4 c5
45. Nf5+ Ke5 46. Kg5 Nf2 47. N1g3 N6g4 48. Kg6 Nh2 49. Kf7 Nf3 50. Ke7 d4
51. exd4+ cxd4 52. Kd7 d3 53. cxd3 exd3 54. Ne3 Kf4 55. Ngf1 Nh2 56. Nxh2
Kxe3 57. Kc7 Ke2 58. Kxb7 d2 59. Kxa6 d1=Q 60. b4 Qxa4+ 61. Kb6 Qxb4+ 62.
Kc6 Qc4+ 63. Kd6 Qd4+ 64. Ke6 Qe4+ 65. Kd6 Qf4+ 66. Kc5 Qxh2 67. Kc4 Qf4+
68. Kc3 Nd1+ 69. Kc2 Qc4+ 70. Kb1 Qb3+ 71. Ka1 Qb2# {White checkmated} 0-1

[Event "ICC Open 2015"]
[Site "Internet Chess Club"]
[Date "2015.05.29"]
[Round "9"]
[White "LordKinbote"]
[Black "Cramagica"]
[Result "1-0"]
[ICCResult "Black forfeits on time"]
[WhiteElo "1405"]
[BlackElo "1192"]
[Opening "St. George (Baker) defense"]
[ECO "B00"]
[NIC "VO.17"]
[Time "21:06:04"]
[TimeControl "180+0"]

1. e4 a6 2. Nf3 b5 3. d4 Bb7 4. Bd3 e6 5. O-O Nf6 6. Re1 c5 7. c3 Be7 8. Bf4
O-O 9. Nbd2 h6 10. e5 Nd5 11. Bg3 Nc6 12. Ne4 Rc8 13. dxc5 Na5 14. b4 Nc4
15. Bxc4 bxc4 16. Qc2 Bc6 17. Nd6 Bxd6 18. exd6 f5 19. Ne5 a5 20. a3 axb4
21. axb4 Ra8 22. Nxc6 dxc6 23. Rxa8 Qxa8 24. Be5 Re8 25. h4 Qa6 26. Qb2 Qc8
27. Ra1 Qd8 28. Ra7 Qxh4 29. Rxg7+ Kf8 30. d7 Rd8 31. Rh7
{Black forfeits on time}
1-0

[Event "ICC Open 2015"]
[Site "Internet Chess Club"]
[Date "2015.05.29"]
[Round "9"]
[White "cristoforo"]
[Black "vasek"]
[Result "1-0"]
[ICCResult "Black forfeits on time"]
[WhiteElo "1450"]
[BlackElo "1260"]
[Opening "Queen's pawn game"]
[ECO "A45"]
[NIC "QP.07"]
[Time "21:05:54"]
[TimeControl "180+0"]

1. d4 Nf6 2. e3 e6 3. Bd3 Be7 4. Nd2 O-O 5. f4 d6 6. Ngf3 Nbd7 7. c3 b6 8.
e4 Bb7 9. Qe2 Ne8 10. O-O g6 11. Ng5 Ng7 12. f5 Bxg5 13. fxg6 fxg6 14. Nf3
Bxc1 15. Raxc1 Rc8 16. Qe3 Nf6 17. Ng5 Nfh5 18. Rxf8+ Qxf8 19. Rf1 Qe8 20.
e5 dxe5 21. dxe5 Qc6 22. Qf2 Qc5 23. Qxc5 bxc5 24. Bc4 Bd5 25. Bxd5 exd5 26.
e6 Re8 27. Rf7 Nf5 28. Rxc7 c4 29. Rxh7 Ne3 30. Rxa7 Nf4 31. g3 Nh3+ 32. Kh1
Nxg5 33. e7 Kf7 34. a4 Rxe7 35. Ra6 Ne6 36. Rd6 Nc5 37. b4 Nxa4 38. Ra6 Nxc3
39. b5 Nxb5 40. Rb6 Nf5 41. Kg2 Re2+ 42. Kh3 Nh6 43. g4 Ng8 44. Rb7+ Ne7 45.
Kh4 Nd4 46. g5 Rxh2+ 47. Kg4 Ne6 48. Kf3 Rh3+ 49. Kg4 Rd3 50. Rb2 Rd4+ 51.
Kf3 Nxg5+ 52. Ke2 Nf5 53. Rb7+ Ke6 54. Rb6+ Nd6 55. Rb8 Re4+ 56. Kd2 Nf3+
57. Kc3 Re3+ 58. Kb4 {Black forfeits on time} 1-0

[Event "ICC Open 2015"]
[Site "Internet Chess Club"]
[Date "2015.05.29"]
[Round "9"]
[White "Youko-Kurama"]
[Black "Sherlocked"]
[Result "1-0"]
[ICCResult "Black resigns"]
[WhiteElo "1897"]
[BlackElo "1936"]
[Opening "Benko's opening"]
[ECO "A00"]
[NIC "VO.09"]
[Time "21:06:17"]
[TimeControl "180+0"]

1. g3 f5 2. Bg2 Nf6 3. c4 e5 4. Nc3 Bc5 5. e3 d6 6. Nge2 O-O 7. O-O a6 8.
Rb1 Ba7 9. d4 Qe8 10. dxe5 dxe5 11. Nd5 Qf7 12. b3 c6 13. Nxf6+ Qxf6 14. Qd2
Be6 15. Bb2 Nd7 16. Rbd1 Rad8 17. Qb4 Rb8 18. Nf4 Bf7 19. Rxd7 Be8 20. Rxb7
Bg6 21. Nxg6 hxg6 22. Rxb8 Rxb8 23. Qa5 c5 24. Qc7 {Black resigns} 1-0

[Event "ICC Open 2015"]
[Site "Internet Chess Club"]
[Date "2015.05.29"]
[Round "9"]
[White "MD1"]
[Black "bythebook"]
[Result "1-0"]
[ICCResult "Black forfeits on time"]
[WhiteElo "1635"]
[BlackElo "1693"]
[Opening "Bird's opening"]
[ECO "A02"]
[NIC "VO.07"]
[Time "21:06:02"]
[TimeControl "180+0"]

1. f4 Nf6 2. Nf3 g6 3. e3 Bg7 4. Be2 O-O 5. O-O d6 6. Nc3 c5 7. d4 b6 8. e4
cxd4 9. Nxd4 Bb7 10. Bf3 Nc6 11. e5 Nxd4 12. Bxb7 dxe5 13. Bxa8 Qxa8 14.
fxe5 Nd7 15. Qxd4 Nxe5 16. Qd5 Qb8 17. Bf4 e6 18. Bxe5 Bxe5 19. Qf3 Bxh2+
20. Kh1 Be5 21. Ne4 Kg7 22. Rae1 Qd8 23. g3 f6 24. Kg2 Qe7 25. Nf2 Rc8 26.
Ng4 Bxb2 27. Qxf6+ Bxf6 28. Nxf6 Rxc2+ 29. Rf2 {Black forfeits on time} 1-0

[Event "ICC Open 2015"]
[Site "Internet Chess Club"]
[Date "2015.05.29"]
[Round "9"]
[White "paulmagriel"]
[Black "Willy809"]
[Result "1-0"]
[ICCResult "Black checkmated"]
[WhiteElo "2027"]
[BlackElo "1693"]
[Opening "QGD: semi-Slav, Marshall gambit"]
[ECO "D10"]
[NIC "SL.06"]
[Time "21:05:31"]
[TimeControl "180+0"]

1. d4 d5 2. c4 c6 3. Nc3 e6 4. e4 dxe4 5. Nxe4 Nf6 6. Nxf6+ Qxf6 7. Nf3 h6
8. a3 Nd7 9. Bd3 Bd6 10. O-O O-O 11. Qe2 Re8 12. Qe4 Nf8 13. Bf4 Qxf4 14.
Qe2 f6 15. h3 Bc7 16. c5 h5 17. g3 Qh6 18. Kg2 e5 19. Rae1 Bd7 20. dxe5 fxe5
21. Qe4 Ne6 22. b4 Kh8 23. h4 Nd4 24. Ng5 Rf8 25. f4 Bf5 26. Qe3 Bxd3 27.
Qxd3 Ne6 28. Qd7 exf4 29. Rxe6 f3+ 30. Kh2 g6 31. Re7 Bxg3+ 32. Kxg3 Rad8
33. Rh7+ Kg8 34. Qe6+ Rf7 35. Qxf7# {Black checkmated} 1-0

[Event "ICC Open 2015"]
[Site "Internet Chess Club"]
[Date "2015.05.29"]
[Round "9"]
[White "Skyrmion"]
[Black "AAntonioEu"]
[Result "0-1"]
[ICCResult "White forfeits on time"]
[WhiteElo "1712"]
[BlackElo "1936"]
[Opening "Sicilian: Grand Prix attack"]
[ECO "B23"]
[NIC "SI.44"]
[Time "21:05:30"]
[TimeControl "180+0"]

1. e4 c5 2. Nc3 Nc6 3. f4 g6 4. Nf3 Bg7 5. Bb5 Nd4 6. O-O Nxb5 7. Nxb5 d6 8.
Nc3 Nf6 9. d3 O-O 10. Be3 Rb8 11. Qe1 b5 12. Qh4 b4 13. Ne2 Bg4 14. h3 Bxf3
15. Rxf3 Nd7 16. f5 Bxb2 17. Rb1 Bf6 18. Qh6 Ne5 19. Rf2 e6 20. fxe6 fxe6
21. Rbf1 Bg7 22. Qg5 Qxg5 23. Bxg5 Rxf2 24. Rxf2 Rf8 25. Be7 Rxf2 26. Kxf2
Bf8 27. Bg5 Kf7 28. Bf4 Nc6 29. Be3 a5 30. Nf4 a4 31. Ne2 a3 32. Nc1 d5 33.
exd5 exd5 34. Nb3 d4 35. Bf4 Ke6 36. Nd2 Na5 37. Nb3 Nb7 38. Kf3 Kd5 39. Bc1
c4 40. Nd2 cxd3 41. cxd3 Nc5 42. Ke2 Na4 43. Nc4 Nc3+ 44. Kd2 Nxa2 45. Bxa3
bxa3 46. Kc2 Nc3 47. Kb3 Bc5 48. Nxa3 Bxa3 49. Kxa3 Ne2 50. Kb3 Nf4 51. Kc2
Nxg2 52. Kd2 Nf4 53. Kc2 Nxh3 54. Kd2 Nf4 55. Kd1 Nxd3 56. Kc2 Ne5 57. Kd1
Ke4 58. Kd2 h5 59. Ke2 h4 60. Kf2 g5 61. Kg2 g4 62. Kf2 d3 63. Ke1 h3 64.
Kd2 h2 65. Kc3 h1=Q 66. Kb4 Qc1 {White forfeits on time} 0-1

[Event "ICC Open 2015"]
[Site "Internet Chess Club"]
[Date "2015.05.29"]
[Round "9"]
[White "ErnestoRondon"]
[Black "DropZone"]
[Result "0-1"]
[ICCResult "White checkmated"]
[WhiteElo "1852"]
[BlackElo "2092"]
[Opening "Sicilian: O'Kelly variation"]
[ECO "B28"]
[NIC "SI.43"]
[Time "21:05:39"]
[TimeControl "180+0"]

1. e4 c5 2. Nf3 a6 3. c3 b5 4. d4 Bb7 5. d5 e6 6. c4 bxc4 7. Bxc4 Nf6 8. Nc3
exd5 9. exd5 d6 10. O-O Be7 11. Bg5 O-O 12. Re1 Nbd7 13. Bf4 Nb6 14. Bb3 c4
15. Bc2 Nbxd5 16. Bd2 Nxc3 17. Bxc3 d5 18. Qd4 Rc8 19. Rad1 Bc5 20. Qh4 h6
21. Nd4 Ne4 22. Qg4 Nxc3 23. bxc3 Qg5 24. Qf3 Rfe8 25. Nf5 Bc6 26. h4 Qf6
27. Qg4 Rxe1+ 28. Rxe1 Re8 29. Rxe8+ Bxe8 30. Qe2 Bd7 31. Ng3 Qxc3 32. Nf5
d4 33. Be4 d3 34. Qf3 Qe1+ 35. Kh2 Qxf2 36. Qg4 Bxf5 37. Bxf5 Bd6+ 38. Kh3
Qe3+ 39. g3 d2 40. Be4 Qxg3+ 41. Qxg3 Bxg3 42. Kxg3 d1=Q 43. Bf3 Qd3 44. Kf4
Qd4+ 45. Be4 Qg1 46. Bf3 Qh2+ 47. Kg4 f5+ 48. Kh5 Kh7 49. Bd5 g6#
{White checkmated}
0-1

[Event "ICC Open 2015"]
[Site "Internet Chess Club"]
[Date "2015.05.29"]
[Round "9"]
[White "Alekhinne"]
[Black "chessfidebullet"]
[Result "1-0"]
[ICCResult "Black forfeits on time"]
[WhiteElo "1722"]
[BlackElo "1173"]
[Opening "Ruy Lopez: Archangelsk (counterthrust) variation"]
[ECO "C78"]
[NIC "RL.12"]
[Time "21:06:14"]
[TimeControl "180+0"]

1. e4 e5 2. Nf3 Nc6 3. Bb5 a6 4. Ba4 Nf6 5. O-O b5 6. Bb3 Bb7 7. c3 Be7 8.
d4 d6 9. Nbd2 O-O 10. a4 b4 11. Re1 Ng4 12. h3 exd4 13. cxd4 Nxf2 14. Kxf2
Bh4+ 15. g3 Nxd4 16. Nxd4 Qf6+ 17. N2f3 Bxg3+ 18. Kxg3 Qg6+ 19. Kh2 Bxe4 20.
Rg1 Bxf3 21. Qxf3 {Black forfeits on time} 1-0

[Event "ICC Open 2015"]
[Site "Internet Chess Club"]
[Date "2015.05.29"]
[Round "9"]
[White "jorgeearroyo"]
[Black "gioachino82"]
[Result "0-1"]
[ICCResult "White forfeits on time"]
[WhiteElo "1210"]
[BlackElo "1411"]
[Opening "King's pawn opening"]
[ECO "B07"]
[NIC "VO.17"]
[Time "21:06:12"]
[TimeControl "180+0"]

1. e4 d6 2. Bc4 Nf6 3. Nc3 g6 4. Nf3 Bg7 5. e5 dxe5 6. Nxe5 O-O 7. O-O c6 8.
d4 Nbd7 9. Qf3 Nxe5 10. dxe5 Ne8 11. Bg5 h6 12. Bh4 Bxe5 13. Rfe1 Qc7 14.
Bg3 Bxg3 15. fxg3 Nf6 16. Re2 Bg4 17. Qe3 Bxe2 18. Nxe2 Rad8 19. Qxh6 e6 20.
Nf4 Nd5 21. Nxg6 fxg6 22. Qxg6+ Qg7 23. Qxe6+ Rf7 24. Rf1 Rf8 25. Bxd5 cxd5
26. Rxf7 Qxf7 27. Qxf7+ Rxf7 28. h4 Rc7 29. c3 d4 30. cxd4 Rc2 31. b4 Rxa2
32. Kh2 Rb2 33. Kh3 Rxb4 34. g4 Rxd4 35. g5 b5 36. g4 b4 37. h5 b3 38. Kh4
b2 39. g6 b1=Q 40. h6 Qh1+ 41. Kg5 Rd5+ {White forfeits on time} 0-1

[Event "ICC Open 2015"]
[Site "Internet Chess Club"]
[Date "2015.05.29"]
[Round "9"]
[White "mmf00"]
[Black "golpeador"]
[Result "1-0"]
[ICCResult "Black checkmated"]
[WhiteElo "1945"]
[BlackElo "2344"]
[Opening "Queen's pawn game, Chigorin variation"]
[ECO "A40"]
[NIC "QO.17"]
[Time "21:06:26"]
[TimeControl "180+0"]

1. d4 Nc6 2. Nf3 d5 3. g3 Bg4 4. Bg2 Qd7 5. O-O h5 6. Ne5 Nxe5 7. dxe5 O-O-O
8. Qd4 Kb8 9. Rd1 e6 10. h3 Bf5 11. Bg5 c5 12. Qd2 f6 13. Bf4 Ka8 14. e4
fxe5 15. Bxe5 Bg6 16. exd5 exd5 17. Bxd5 Be7 18. Bxb7+ Qxb7 19. Qxd8+ Bxd8
20. Rxd8+ Qc8 21. Rxc8+ Kb7 22. Rc7+ Kb6 23. Rxg7 Bxc2 24. Nc3 Ka5 25. Rxa7+
Kb6 26. Bxh8 Kxa7 27. Rc1 Bd3 28. Nd5 c4 29. b3 cxb3 30. axb3 Be4 31. Rc7+
Kb8 32. Rg7 Nh6 33. Nb6 Nf5 34. Rg8+ Kb7 35. Nc4 Nd4 36. Bxd4 Bf3 37. Rg7+
Kc6 38. Rf7 Kd5 39. Rxf3 Kxd4 40. Rf4+ Kd3 41. Rh4 Ke2 42. Rxh5 Kf3 43. Rg5
Ke2 44. h4 Kf3 45. h5 Ke2 46. Rg6 Kd3 47. h6 Kc2 48. h7 Kb1 49. h8=Q Ka2 50.
Qd4 Kb1 51. Qd3+ Ka2 52. Qc2+ Ka1 53. Qb2# {Black checkmated} 1-0

[Event "ICC Open 2015"]
[Site "Internet Chess Club"]
[Date "2015.05.29"]
[Round "9"]
[White "kingmate"]
[Black "KM-SKOCB"]
[Result "1-0"]
[ICCResult "Black checkmated"]
[WhiteElo "2514"]
[BlackElo "2715"]
[Opening "Sicilian: Alapin's variation (2.c3)"]
[ECO "B22"]
[NIC "SI.46"]
[Time "21:05:25"]
[TimeControl "180+0"]

1. e4 c5 2. c3 d5 3. exd5 Qxd5 4. d4 Nc6 5. Nf3 Bf5 6. Be3 Nf6 7. Be2 cxd4
8. cxd4 Bxb1 9. Qxb1 e6 10. O-O Bd6 11. a3 O-O 12. Qd3 Rac8 13. Rac1 Rfd8
14. Rfd1 Bb8 15. h3 a6 16. Bg5 Qd6 17. Bxf6 gxf6 18. Qe3 Ne7 19. Qh6 Ng6 20.
Bd3 Qd5 21. Bxg6 hxg6 22. Qe3 Kg7 23. Qd3 Bf4 24. Rc2 Rc6 25. Re2 Rdc8 26.
g3 Bb8 27. Nh4 Ba7 28. Ng2 Rc1 29. Ree1 Rxd1 30. Rxd1 Qd6 31. Ne3 Rd8 32.
Qb3 Bxd4 33. Qxb7 Qc5 34. Qe4 e5 35. b4 Qc3 36. Rd3 Qa1+ 37. Kg2 Rc8 38. Nd5
Rc1 39. Qh4 Rg1+ 40. Kf3 e4+ 41. Qxe4 Be5 42. Ne3 Bxg3 43. fxg3 Qe1 44. Qg4
Rh1 45. Nf5+ Kg8 46. Rd8+ Kh7 47. Qh4# {Black checkmated} 1-0

[Event "ICC Open 2015"]
[Site "Internet Chess Club"]
[Date "2015.05.29"]
[Round "9"]
[White "Qualm"]
[Black "Smokie"]
[Result "1-0"]
[ICCResult "Black forfeits on time"]
[WhiteElo "1682"]
[BlackElo "1437"]
[Opening "Sicilian: closed"]
[ECO "B23"]
[NIC "SI.44"]
[Time "21:06:07"]
[TimeControl "180+0"]

1. e4 c5 2. Nc3 g6 3. Nd5 Bg7 4. c4 Nc6 5. d3 d6 6. Nf3 Nf6 7. Be2 Nxd5 8.
cxd5 Nd4 9. Nxd4 Bxd4 10. O-O Qb6 11. Rb1 O-O 12. Bg4 Bxg4 13. Qxg4 f5 14.
Qh3 fxe4 15. dxe4 Qd8 16. Be3 Bxe3 17. Qxe3 Qd7 18. f3 Rf7 19. Qa3 b6 20. h3
Raf8 21. b4 cxb4 22. Rxb4 Rc8 23. Rc1 Rxc1+ 24. Qxc1 Rf8 25. Rc4 Kg7 26. Rc7
Qa4 27. Rxe7+ Kf6 28. Re6+ Kg7 29. Qc3+ Kg8 30. Re7 Rf7 31. Qc8+ Kg7 32.
Qc3+ Kg8 33. Rxf7 Kxf7 34. Qh8 Qd4+ 35. Qxd4 {Black forfeits on time} 1-0

[Event "ICC Open 2015"]
[Site "Internet Chess Club"]
[Date "2015.05.29"]
[Round "9"]
[White "jakemate"]
[Black "rovov"]
[Result "1-0"]
[ICCResult "Black forfeits on time"]
[WhiteElo "1798"]
[BlackElo "1640"]
[Opening "QGD Slav: Dutch variation"]
[ECO "D18"]
[NIC "SL.05"]
[Time "21:05:34"]
[TimeControl "180+0"]

1. d4 d5 2. c4 c6 3. Nc3 Nf6 4. Nf3 dxc4 5. a4 Bf5 6. e3 e6 7. Bxc4 Bb4 8.
O-O O-O 9. Nh4 Bg6 10. Nxg6 hxg6 11. Qe2 Nbd7 12. e4 Nb6 13. Be3 Nxc4 14.
Qxc4 a5 15. Bg5 Qb6 16. Bxf6 gxf6 17. e5 fxe5 18. dxe5 Bxc3 19. bxc3 Rfd8
20. Rab1 Qc7 21. Rfe1 Rd5 22. Qf4 Rad8 23. h4 Qe7 24. Qg3 R8d7 25. h5 Rd3
26. f3 Kg7 27. Re4 Qc5+ 28. Kh2 Qf8 29. Rg4 Qe8 30. Qf4 Qh8 31. Qf6+ Kg8 32.
Qg5 Kf8 33. Rh4 R3d5 34. f4 gxh5 35. Rxh5 Qg7 36. c4 Qxg5 37. Rxg5 Rd4 38.
c5 Rxf4 39. Kg3 Re4 40. Rh1 Red4 41. Rh8+ Ke7 42. Rh7 Rd8 43. Rgg7 Rf8 44.
Kh2 Rd6 45. Rh6 Rd5 46. Rf6 {Black forfeits on time} 1-0

[Event "ICC Open 2015"]
[Site "Internet Chess Club"]
[Date "2015.05.29"]
[Round "9"]
[White "Prof-chess"]
[Black "eddington"]
[Result "1-0"]
[ICCResult "Black forfeits on time"]
[WhiteElo "2766"]
[BlackElo "2161"]
[Opening "Ruy Lopez: Exchange variation doubly deferred (DERLD)"]
[ECO "C85"]
[NIC "RL.14"]
[Time "21:05:38"]
[TimeControl "180+0"]

1. e4 e5 2. Nf3 Nc6 3. Bb5 a6 4. Ba4 Nf6 5. O-O Be7 6. Bxc6 dxc6 7. d3 Nd7
8. Nbd2 O-O 9. Nc4 Bd6 10. b3 Qe7 11. Bb2 f6 12. a4 c5 13. Nh4 Nb8 14. Ne3
Be6 15. Nef5 Qf7 16. f4 exf4 17. Nxd6 cxd6 18. Rxf4 Nc6 19. Qd2 Qd7 20. Raf1
d5 21. exd5 Qxd5 22. Qf2 Rae8 23. Nf5 Ne5 24. c4 Qd8 25. Qg3 Bxf5 26. Rxf5
Nxd3 27. Rd5 Nxb2 28. Rxd8 Rxd8 29. Qc7 Rd2 30. Qxc5 Re8 31. a5 Ree2 32.
Qc8+ Kf7 33. Qxb7+ Kg6 34. h4 Nd3 35. h5+ Kh6 36. Qf3 Ne1 37. Rxe1 Rxe1+ 38.
Kh2 Ree2 39. c5 Rxg2+ 40. Qxg2 Rxg2+ 41. Kxg2 Kg5 42. c6
{Black forfeits on time}
1-0

[Event "ICC Open 2015"]
[Site "Internet Chess Club"]
[Date "2015.05.29"]
[Round "9"]
[White "lemanofzorn"]
[Black "born2die"]
[Result "0-1"]
[ICCResult "White forfeits on time"]
[WhiteElo "1441"]
[BlackElo "1666"]
[Opening "QGD: Marshall defense"]
[ECO "A50"]
[NIC "QP.07"]
[Time "21:05:46"]
[TimeControl "180+0"]

1. d4 Nf6 2. c4 d5 3. cxd5 Qxd5 4. Nf3 Bg4 5. e3 a6 6. Nc3 Qa5 7. Bd2 c6 8.
Ne4 Qc7 9. Nc5 b6 10. Nb3 e6 11. h3 Bh5 12. g4 Nxg4 13. hxg4 Bxg4 14. Rh4 h5
15. Bh3 Be7 16. Rxg4 hxg4 17. Bxg4 Rh1+ 18. Ke2 Rxd1 19. Rxd1 Nd7 20. e4 Nf6
21. Bh3 Nxe4 22. Ne5 Bd6 23. Nc4 Nxd2 24. Rxd2 Be7 25. Bg2 f6 26. Ne3 Kf7
27. Rc2 c5 28. dxc5 Rd8 29. cxb6 Qxb6 30. Nc4 Qb5 31. Bc6 Qh5+ 32. Bf3 Qg5
33. Ne3 Kg8 34. Nd2 Qb5+ 35. Ndc4 Bc5 36. b3 Bxe3 37. Kxe3 Qf5 38. Be4 Qh3+
39. f3 Qf1 40. Nd2 Qe1+ 41. Kf4 g5+ 42. Kg4 Qg1+ 43. Kh5 Kg7 44. Rc7+ Kf8
{White forfeits on time}
0-1

[Event "ICC Open 2015"]
[Site "Internet Chess Club"]
[Date "2015.05.29"]
[Round "9"]
[White "santiagoelawad"]
[Black "BigSerge"]
[Result "1-0"]
[ICCResult "Black forfeits on time"]
[WhiteElo "2063"]
[BlackElo "1937"]
[Opening "English: four knights, kingside fianchetto"]
[ECO "A29"]
[NIC "EO.02"]
[Time "21:05:35"]
[TimeControl "180+0"]

1. c4 e5 2. Nc3 Nc6 3. Nf3 Nf6 4. g3 Bb4 5. Nd5 Ba5 6. a3 d6 7. b4 Bb6 8. d3
Nxd5 9. cxd5 Ne7 10. Qb3 O-O 11. Bg2 Bf5 12. O-O Qd7 13. e4 Bh3 14. Be3 Bxg2
15. Kxg2 f5 16. Nd2 f4 17. Bxb6 cxb6 18. f3 fxg3 19. hxg3 Ng6 20. Nc4 Rf6
21. Ne3 Raf8 22. Qb2 Qf7 23. Qe2 Ne7 24. Ng4 Rg6 25. Rac1 h5 26. Ne3 Qf4 27.
Qf2 Rff6 28. Rh1 Rxg3+ 29. Qxg3 Rg6 30. Rc8+ Kf7 31. Ng4 Qxg3+ 32. Kxg3 Nxc8
33. Rxh5 Ne7 34. Rh1 Ng8 35. Kf2 Nf6 36. Ne3 Ke7 37. Nf5+ Kd7 38. Rh8 Rg5
39. Rf8 Nh5 40. Rf7+ Kc8 41. Nxd6+ Kd8 42. Nxb7+ Ke8 43. Nd6+ Kd8 44. Nf5
Nf4 45. Rxg7 Rh5 46. Rg8+ Kd7 47. Rg7+ Kd8 48. Ng3 Rh2+ 49. Ke1 Rg2 50. Nf5
Nxd3+ 51. Kf1 Ra2 52. Rg8+ Kd7 53. Rg7+ Kd8 54. Rxa7 Kc8 55. Ra8+
{Black forfeits on time}
1-0

[Event "ICC Open 2015"]
[Site "Internet Chess Club"]
[Date "2015.05.29"]
[Round "9"]
[White "Cinzento"]
[Black "Capaman"]
[Result "0-1"]
[ICCResult "White checkmated"]
[WhiteElo "1719"]
[BlackElo "1997"]
[Opening "French: King's Indian attack"]
[ECO "C00"]
[NIC "FR.02"]
[Time "21:06:01"]
[TimeControl "180+0"]

1. e4 e6 2. d3 d5 3. Nd2 c5 4. Ngf3 Nc6 5. g3 Nf6 6. Bg2 Be7 7. O-O O-O 8.
e5 Nd7 9. Re1 f6 10. exf6 Nxf6 11. Bh3 e5 12. Bxc8 Rxc8 13. Nxe5 Nxe5 14.
Rxe5 Bd6 15. Re1 Qd7 16. Qe2 Rce8 17. Qf1 Ng4 18. f3 Ne3 19. Qf2 Nxc2 20.
Rxe8 Rxe8 21. Rb1 Qf5 22. Ne4 dxe4 23. dxe4 Qf6 24. Qxc2 Qxf3 25. Qf2 Qxe4
26. Ra1 Rf8 27. Qe3 Qc2 28. Qd2 Qf5 29. Qe2 Be5 30. Be3 Bd4 31. Bxd4 cxd4
32. Rf1 Qxf1+ 33. Qxf1 Rxf1+ 34. Kxf1 Kf7 35. Ke2 Ke6 36. Kd3 Kd5 37. b3 b5
38. a3 a6 39. h3 a5 40. h4 g6 41. g4 h6 42. h5 g5 43. a4 bxa4 44. bxa4 Kc5
45. Ke4 Kc4 46. Kf5 d3 47. Kg6 d2 48. Kxh6 d1=Q 49. Kxg5 Qxa4 50. Kg6 Qc6+
51. Kf5 Qd5+ 52. Kf6 Qd4+ 53. Kf5 a4 54. g5 a3 55. g6 Qg7 56. Kg5 a2 57. h6
Qe7+ 58. Kf5 a1=Q 59. g7 Qaf6+ 60. Kg4 Qg6+ 61. Kf4 Qef6+ 62. Ke3 Qg3+ 63.
Ke2 Qff2+ 64. Kd1 Qgg1# {White checkmated} 0-1

[Event "ICC Open 2015"]
[Site "Internet Chess Club"]
[Date "2015.05.29"]
[Round "9"]
[White "siso"]
[Black "jmkchess"]
[Result "0-1"]
[ICCResult "White resigns"]
[WhiteElo "1683"]
[BlackElo "1877"]
[Opening "Damiano's defense"]
[ECO "B00"]
[NIC "VO.17"]
[Time "21:06:55"]
[TimeControl "180+0"]

1. e4 f6 2. Nf3 e5 3. d4 Nc6 4. d5 Nce7 5. c4 d6 6. Nc3 f5 7. Bd3 g6 8. Bg5
Bg7 9. Rc1 Nf6 10. O-O O-O 11. b4 a5 12. a3 axb4 13. axb4 Ra3 14. Qc2 Rxc3
15. Qxc3 fxe4 16. Bxf6 exf3 17. Bxg7 Kxg7 18. Be4 fxg2 19. Bxg2 Nf5 20. f4
Nd4 21. Rce1 Bg4 22. h3 Ne2+ 23. Rxe2 Bxe2 24. Rf2 Bh5 25. fxe5 Rxf2 26.
Kxf2 dxe5 27. Qxe5+ Qf6+ 28. Qxf6+ Kxf6 29. Ke3 Ke5 30. h4 b6 31. Bh3 Bd1
32. Be6 Bb3 33. Bg8 h6 34. Bh7 Kf6 35. Bg8 Bxc4 36. d6 Bxg8 37. dxc7 Be6 38.
Kd4 g5 39. hxg5+ hxg5 40. Ke4 Ke7 41. Ke5 Kd7 {White resigns} 0-1

[Event "ICC Open 2015"]
[Site "Internet Chess Club"]
[Date "2015.05.29"]
[Round "9"]
[White "JCarllsen"]
[Black "eltigrecu"]
[Result "0-1"]
[ICCResult "White forfeits on time"]
[WhiteElo "1822"]
[BlackElo "2021"]
[Opening "Sicilian: Nimzovich-Rossolimo attack (without ...d6)"]
[ECO "B30"]
[NIC "SI.31"]
[Time "21:05:30"]
[TimeControl "180+0"]

1. e4 c5 2. Nf3 Nc6 3. Bb5 d6 4. Bxc6+ bxc6 5. e5 Bg4 6. exd6 exd6 7. h3 Bh5
8. O-O Be7 9. Re1 Nf6 10. Qe2 Bxf3 11. Qxf3 d5 12. Qe3 Qd6 13. d3 h6 14. Nd2
Rb8 15. Nb3 d4 16. Qf3 Rb7 17. Bf4 Qd5 18. Qxd5 Nxd5 19. Bd6 O-O 20. Nxc5
Bxd6 21. Nxb7 Bb4 22. Re4 Rb8 23. c3 dxc3 24. bxc3 Bxc3 25. Rb1 Bf6 26. Rb3
Nc3 27. Rc4 Ne2+ 28. Kf1 Nd4 29. Rb1 g5 30. a4 Kg7 31. a5 a6 32. Rb6 Nb5 33.
Nc5 Rd8 34. Nxa6 Rxd3 35. Rcxc6 Nd4 36. g3 Nxc6 37. Rxc6 Rd1+ 38. Ke2 Ra1
39. Nc7 Rxa5 40. Ne8+ Kf8 41. Nxf6 Ra2+ 42. Rc2 Ra3 43. Kd2 Ra6 44. Rc8+ Ke7
45. Rc7+ Kxf6 46. Rc6+ Rxc6 47. Ke2 Re6+ {White forfeits on time} 0-1